 Dungeon Crawl Stone Soup version 0.28.0-53-g5a82cb258f (webtiles) character file.

Game seed: 5455704977209951641

8936 Legadrian the Warrior (level 11, -3/86 HPs)
             Began as a Gargoyle Fighter on July 8, 2022.
             Was a Priest of Trog.
             Killed by divine providence
             ... invoked by a meliai
              (8 damage)
             ... on level 10 of the Dungeon.
             The game lasted 00:36:27 (9865 turns).

Legadrian the Warrior (Gargoyle Fighter)            Turns: 9865, Time: 00:36:28

Health: -3/86      AC: 38    Str: 24    XL:     11   Next: 38%
Magic:  0/11       EV:  2    Int: 15    God:    Trog [***...]
Gold:   290        SH:  8    Dex:  9    Spells: 10/10 levels left

rFire   + . .      SeeInvis .   z - +11 hand axe "Yddiycs" {vorpal, *Noise rF+ rN+++ Int+3}
rCold   + . .      Faith    .   T - +1 kite shield
rNeg    + + +      Spirit   +   i - +8 orange crystal plate armour {Archmagi, Int+3 Clar}
rPois   ∞          Reflect  .   C - +2 helmet
rElec   +          Harm     .   L - +1 cloak
rCorr   .          Rampage  .   (no gloves)
Will    +....      Archmagi +   w - +0 pair of boots
Stlth   .......... Clarity  +   v - amulet of guardian spirit
HPRegen 0.24/turn               h - ring of willpower
MPRegen 0.12/turn               Q - ring of protection from cold

@: about to teleport, on berserk cooldown, slowed, very slow
A: sickness immunity, AC +8, negative energy resistance 1, electricity
resistance, torment resistance 1, petrification resistance, wild magic 1, noise
suppression
a: Renounce Religion, Berserk, Trog's Hand


You were on level 10 of the Dungeon.
You worshipped Trog.
Trog was most pleased with you.
You visited 3 branches of the dungeon, and saw 12 of its levels.

You collected 622 gold pieces.
You spent 332 gold pieces at shops.

Inventory:

Hand Weapons
 l - a +0 hunting sling
 x - a +3 dagger of speed
 z - the +11 hand axe "Yddiycs" (weapon) {vorpal, *Noise rF+ rN+++ Int+3}
   (You found it on level 4 of the Dungeon)

   It inflicts extra damage upon your enemies.
   Int:       It affects your intelligence (+3).
   rF:        It protects you from fire.
   rN:        It renders you almost immune to negative energy.
   *Noise:    It may make noises in combat.
 G - a +2 dire flail of holy wrath
 N - a +1 halberd of flaming
 V - the +7 dagger "Newtslayer" {flame, *Corrode rElec Int+8 SInv}
   (You found it on level 8 of the Dungeon)

   It burns those it strikes, dealing additional fire damage.
   Int:       It affects your intelligence (+8).
   rElec:     It insulates you from electricity.
   SInv:      It lets you see invisible.
   *Corrode:  It may corrode you when you take damage.
Missiles
 e - 444 stones (quivered)
 g - 75 sling bullets
 q - 68 bolts
 u - 109 arrows
 A - 8 poisoned darts
Armour
 i - the +8 orange crystal plate armour (worn) {Archmagi, Int+3 Clar}
   (You acquired it on level 3 of the Dungeon)

   Int:       It affects your intelligence (+3).
   Clar:      It protects you against confusion.
 w - a +0 pair of boots (worn)
 y - a +2 robe of willpower
 C - a +2 helmet (worn)
 H - a +0 scale mail of poison resistance
 I - a +0 ring mail of cold resistance
 L - a +1 cloak (worn)
 M - a +2 helmet
 T - a +1 kite shield (worn)
Magical Staves
 t - a staff of death
Jewellery
 h - a ring of willpower (left hand)
 p - a ring of magical power
 v - an amulet of guardian spirit (around neck)
 Q - a ring of protection from cold (right hand)
Wands
 c - a wand of iceblast (17)
 j - a wand of flame (36)
 m - a wand of digging (2)
 P - a wand of acid (8)
 R - a wand of paralysis (5)
Scrolls
 a - 2 scrolls of enchant weapon
 b - 2 scrolls of fear
 o - 3 scrolls of blinking
 s - 3 scrolls of immolation
 B - 2 scrolls of silence
 D - a scroll of magic mapping {unknown}
 J - a scroll of brand weapon {unknown}
 U - a scroll of torment {unknown}
 W - 3 scrolls of identify
 X - a scroll of vulnerability {unknown}
Potions
 d - 4 potions of might
 f - 3 potions of curing
 n - 3 potions of brilliance {unknown}
 r - 3 potions of lignification
 E - 3 potions of ambrosia {unknown}
 F - a potion of degeneration {unknown}
 K - 2 potions of attraction
 O - a potion of haste {unknown}


   Skills:
 - Level 17.8 Fighting
 + Level 4.9(5.1) Axes
 - Level 2.0(3.9) Maces & Flails
 - Level 3.2 Armour
 - Level 3.2 Shields


You had 10 spell levels left.
You didn't know any spells.
Your spell library contained the following spells:

 Spells                   Type           Power      Damage    Failure   Level
 Sandblast                Erth           0%         2d4       100%        1
 Stone Arrow              Conj/Erth      0%         3d7       100%        3
 Shatter                  Erth           0%         3d5*      100%        9


Dungeon Overview and Level Annotations

Branches:
Dungeon (10/15)            Temple (1/1) D:5             Orc (1/2) D:9
   Lair: D:8-11

Altars:
Ashenzari
Cheibriados
Dithmenos
Elyvilon
Fedhas
Gozag
Hepliaklqana
Kikubaaqudgha
Makhleb
Nemelex Xobeh
Okawaru
Qazlal
Ru
Sif Muna
Trog
Uskayaw
Vehumet
Wu Jian
Xom
Yredelemnul
Zin
The Shining One

Shops:
D:6 *   D:8 ?   D:10 (

Annotations:
Orc:1 Maurice


Innate Abilities, Weirdness & Mutations

You are immune to sickness and miasma.
Your stone body is resilient. (AC +8)
You are immune to poison.
You resist negative energy. (rN+)
You are resistant to electric shocks. (rElec)
You are resistant to unholy torment.
You are immune to petrification.
Your spells are a little harder to cast, but a little more powerful.
You passively dampen the noise of your surroundings.


Message History

The bolt of cold hits you! You resist.
The stone giant throws a large rock.
The large rock hits you!!
You slice something!!
You are no longer berserk.
You are exhausted.
You feel yourself slow down.
You slash the frost giant!
The frost giant is lightly wounded.
You hear some strange, mumbled words.
The frost giant hits you but does no damage.
You slash the frost giant!
The frost giant is lightly wounded.
The frost giant hits you but does no damage.
You block the frost giant's attack.
You hit the frost giant but do no damage.
The frost giant is lightly wounded.
The frost giant casts a spell at you.
The bolt of cold hits you but does no damage.
The frost giant casts a spell at you. The bolt of cold hits you! You resist.
The frost giant gestures at you while chanting.
The bolt of cold hits you but does no damage.
The frost giant gestures at you while chanting.
The bolt of cold hits you! You resist.
* * * LOW HITPOINT WARNING * * *
There is an open door here.
You feel much better. The frost giant casts a spell at you.
The bolt of cold hits you. You resist.
The frost giant points at you and mumbles some strange words.
The bolt of cold hits you!! You resist.
* * * LOW HITPOINT WARNING * * *
The frost giant points at you and mumbles some strange words.
The bolt of cold hits you! You resist.
* * * LOW HITPOINT WARNING * * *
As you read the scroll of teleportation, it crumbles to dust.
You feel strangely unstable.
The meliai mumbles some strange prayers to its god against you.
Something smites you!
You die...

##.....##
####### #.#
##...## #..#
#.# ##+##
#y######.#
#####.#
#y)#.##....#
#...#.#
#+#.C#'#######
.###..##
#.#.Z#C# ##
##..##
#.#..#C# #
##..###.#..#.#
#...##.#++#@#
#
##.####.#$)#.#
## ##.##
#.#|(#.#
.###..#
#.####)#
#...#.#
##).§.##
#####.#
####''#### #.#
#..#..#..# #.#
#..#..#..# #.#
#.##..##.#


You could see a frost giant, a stone giant and a meliai.

Vanquished Creatures
  2 two-headed ogres
  2 komodo dragons (D:10)
  A kobold demonologist (D:10)
  Sigmund (D:3)
  A shadow (D:10)
  12 yaks
  A steam dragon (D:8)
  2 wargs
  Edmund (D:6)
  A water moccasin (D:9)
  6 orc warriors
  A black bear (D:5)
  2 necrophages
  A sky beast (D:8)
  An ogre (D:9)
  3 centaurs
  2 bullfrogs
  A water moccasin zombie (D:6)
  A gnoll sergeant (D:6)
  3 wyvern skeletons
  2 scorpions
  3 wights (D:10)
  4 killer bees (D:9)
  A bullfrog zombie (D:6)
  8 centaur zombies
  8 orc priests
  5 hounds
  A quasit (D:7)
  A gnoll shaman (D:7)
  3 jellies
  Jessica (D:3)
  Ijyb (D:3)
  2 iguanas
  11 orc wizards
  A hound skeleton (D:4)
  A howler monkey skeleton (D:7)
  A howler monkey zombie (D:9)
  6 adders
  11 gnolls
  A white imp (D:7)
  A worm (D:4)
  3 dart slugs
  37 orcs
  4 ball pythons
  6 endoplasms
  4 giant cockroaches
  5 goblins
  10 hobgoblins
  6 jackals (D:1)
  5 quokkas
  8 bats
  2 goblin skeletons (D:7)
  16 kobolds
  2 kobold skeletons (D:7)
  A kobold zombie (D:7)
  2 orc zombies (D:7)
  7 rats
236 creatures vanquished.

Vanquished Creatures (others)
  5 plants (D:6)
  A withered plant (D:10)
6 creatures vanquished.

Grand Total: 242 creatures vanquished

Notes
Turn   | Place    | Note
-------+----------+-------------------------------------------
     0 | D:1      | Legadrian the Gargoyle Fighter began the quest for the Orb.
     0 | D:1      | Reached XP level 1. HP: 14/14 MP: 1/1
    61 | D:1      | Reached XP level 2. HP: 19/20 MP: 2/2
    68 | D:1      | Reached skill level 4 in Fighting
   290 | D:1      | Reached XP level 3. HP: 23/24 MP: 3/3
   648 | D:1      | Reached skill level 5 in Fighting
   689 | D:1      | Found a faded altar of an unknown god.
   988 | D:2      | Found a shimmering altar of Xom.
  1341 | D:2      | Reached XP level 4. HP: 31/31 MP: 4/4
  2212 | D:3      | Noticed Sigmund
  2366 | D:3      | Found an ancient bone altar of Kikubaaqudgha.
  2636 | D:3      | Killed Sigmund
  2637 | D:3      | Reached skill level 7 in Fighting
  2637 | D:3      | Reached XP level 5. HP: 13/38 MP: 5/5
  2637 | D:3      | Reached XP level 6. HP: 15/44 MP: 6/6
  2926 | D:3      | Noticed Jessica
  2934 | D:3      | Killed Jessica
  2969 | D:3      | Identified a scroll of acquirement
  2970 | D:3      | Acquired the +8 orange crystal plate armour {Archmagi,
                  | Int+3 Clar}
  2970 | D:3      | Found the +8 orange crystal plate armour {Archmagi, Int+3
                  | Clar}
  3015 | D:3      | Gained mutation: You have sharp toenails. [potion of
                  | mutation]
  3015 | D:3      | Gained mutation: Armour fits poorly on your strangely
                  | shaped body. [potion of mutation]
  3240 | D:3      | Found an iron altar of Okawaru.
  3340 | D:3      | Noticed Ijyb
  3361 | D:3      | Killed Ijyb
  3545 | D:4      | Reached skill level 8 in Fighting
  3718 | D:4      | Reached XP level 7. HP: 44/50 MP: 7/7
  3993 | D:4      | Identified the +11 hand axe "Yddiycs" {vorpal, *Noise rF+
                  | rN+++ Int+3}
  4123 | D:4      | Reached skill level 9 in Fighting
  4186 | D:4      | Got the Disquisition on the Rocks
  4400 | D:5      | Entered Level 5 of the Dungeon
  4706 | D:5      | Reached skill level 10 in Fighting
  4706 | D:5      | Reached XP level 8. HP: 52/57 MP: 8/8
  4735 | D:5      | Found a staircase to the Ecumenical Temple.
  4744 | Temple   | Entered the Ecumenical Temple
  4824 | Temple   | Became a worshipper of Trog the Wrathful
  4921 | D:5      | Found a radiant altar of Vehumet.
  5218 | D:6      | Reached skill level 11 in Fighting
  5497 | D:6      | Noticed Edmund
  5508 | D:6      | Killed Edmund
  5702 | D:6      | Found Cuor's Neck Hole.
  5711 | D:6      | Bought a +1 cloak for 138 gold pieces
  5819 | D:7      | Reached skill level 12 in Fighting
  6083 | D:7      | Found a glowing golden altar of the Shining One.
  6086 | D:7      | Reached * piety under Trog
  6090 | D:7      | Reached XP level 9. HP: 66/66 MP: 9/9
  6215 | D:7      | Reached skill level 13 in Fighting
  6435 | D:7      | Lost mutation: Armour fits poorly on your strangely shaped
                  | body. [potion of mutation]
  6435 | D:7      | Lost mutation: You have sharp toenails. [potion of
                  | mutation]
  6435 | D:7      | Gained mutation: Your spells are a little harder to cast,
                  | but a little more powerful. [potion of mutation]
  6435 | D:7      | Gained mutation: You passively dampen the noise of your
                  | surroundings. [potion of mutation]
  6864 | D:8      | Found Idenel's Magic Scroll Emporium.
  6908 | D:8      | Bought a scroll of enchant weapon for 97 gold pieces
  6908 | D:8      | Bought a scroll of enchant weapon for 97 gold pieces
  6953 | D:8      | Reached ** piety under Trog
  6968 | D:8      | Reached skill level 14 in Fighting
  7029 | D:8      | Identified the +7 dagger "Newtslayer" {flame, *Corrode
                  | rElec Int+8 SInv}
  7148 | D:8      | Noticed a two-headed ogre
  7211 | D:8      | Killed a two-headed ogre
  7480 | D:9      | Reached skill level 15 in Fighting
  7581 | D:9      | Reached XP level 10. HP: 73/76 MP: 8/10
  7678 | D:9      | Reached skill level 16 in Fighting
  7758 | D:9      | Found a staircase to the Orcish Mines.
  8059 | D:9      | Noticed a two-headed ogre
  8070 | D:9      | Killed a two-headed ogre
  8395 | Orc:1    | Entered Level 1 of the Orcish Mines
  8404 | Orc:1    | Noticed Maurice
  8408 | D:9      | Reached skill level 17 in Fighting
  8609 | D:10     | Entered Level 10 of the Dungeon
  8643 | D:10     | Reached XP level 11. HP: 68/86 MP: 11/11
  8800 | D:10     | Found Ahecs's Weapon Emporium.
  9051 | D:10     | Reached skill level 1 in Axes
  9351 | D:10     | Reached *** piety under Trog
  9840 | D:10     | Noticed a wizard
  9840 | D:10     | Noticed a stone giant
  9840 | D:10     | Noticed a frost giant
  9863 | D:10     | HP: 4/86 [frost giant/bolt of cold (14)]
  9865 | D:10     | Killed from afar by a meliai

Illustrated notes

Levels and vault maps discovered:
D:1:      roderic_chinese_lattice_arrival, layout_loops_ring,
          chequers_ecumenical_altar_twisty
D:2:      layout_basic, basic_altar
D:3:      layout_basic, okawaru_altar_gauntlet_db, kiku_gazebo_garden_becter,
          uniq_sigmund, uniq_ijyb, uniq_jessica
D:4:      layout_gridville
D:5:      layout_rooms, vehumet_altar_wand_db, temple_hall,
          kennysheep_generic_room_2
D:6:      layout_rooms, serial_bayou_pond_c, nicolae_shop_sticking_my_neck_out,
          uniq_edmund
D:7:      layout_gridville, nicolae_tso_besieged_by_evil
D:8:      layout_cave_pools, serial_shops,
          nicolae_shop_competitors_out_of_business
D:9:      layout_stronghold, erik_orc_4
D:10:     layout_loops_corners, serial_undead, serial_undead_f, serial_undead_b,
          serial_undead_b, serial_undead_e, serial_undead_b, serial_undead_c,
          serial_shops, shop, wad_scary_box
Temple:   compressed_dpeg_circular_temple
Orc:1:    layout_caves, uniq_maurice

Skill      XL: |  1  2  3  4  5  6  7  8  9 10 11 |
---------------+----------------------------------+-----
Fighting       | 4 5 7 8 10 12 15 17 | 17.8
Axes           | 4 |  4.9
Maces & Flails | |  2.0
Armour         | |  3.2
Shields        | |  3.2

Action                   |  1- 3 |  4- 6 |  7- 9 | 10-12 || total
-------------------------+-------+-------+-------+-------++-------
Melee: Flail             |   162 |    31 |       |       ||   193
       Hunting sling     |       |    12 |       |       ||    12
       Dagger            |       |    73 |    12 |       ||    85
       Kick              |       |    23 |     7 |       ||    30
       Hand axe          |       |       |   218 |   238 ||   456
 Fire: Hunting sling     |       |    46 |       |       ||    46
Throw: Stone             |       |     5 |       |       ||     5
Invok: Berserk           |       |       |     3 |     2 ||     5
  Use: Potion            |     1 |     5 |     1 |     1 ||     8
       Scroll            |       |     6 |     5 |     2 ||    13
Armor: Scale mail        |   123 |    19 |       |       ||   142
       Plate armour      |       |    30 |       |       ||    30
       Crystal plate arm |       |    40 |   271 |   224 ||   535
Dodge: Dodged            |   100 |    21 |    22 |    17 ||   160
Block: Buckler           |    46 |    26 |    42 |       ||   114
       Kite shield       |       |       |    23 |    94 ||   117
